Construct Section Command Post
Construct Platoon Command Post
Construct Field Infirmary
Selects Air and Sea Battlegroup
6-pounder Anti-tank Gun Team
Selects Centaur Medium Tank
Selects Commando Section Paradrop
Selects M1 Pack Howitzer Paradrop
M1 Pack Howitzer Paradrop
Selects Incendiary Bombing Run
Construct Company Command Post
Commando Section Paradrop
Unlock M3 Grant Medium Tanks
Commando Section Paradrop